 Dungeon Sprint DCSS version 0.30.1-11-g7821555f0a (webtiles) character file.

Game seed: 14221300164199449660

4 Groucho the Ducker (level 1, 0/10 HPs)
             Began as a Felid Monk on Nov 25, 2023.
             Slain by a rat (3 damage)
             ... in the Dungeon (Sprint IX: "|||||||||||||||||||||||||||||").
             The game lasted 00:00:23 (18 turns).

Groucho the Ducker (Felid Monk)                       Turns: 18, Time: 00:00:24

Health: 0/10       AC:  1    Str:  7    XL:     1   Next: 58%
Magic:  2/2        EV: 19    Int: 11    God:
Gold:   0          SH:  0    Dex: 18    Spells: 0/0 levels left
                                        Lives:  0   Deaths: 0

rFire   . .          .
                       - Unarmed
rCold   . . .        (shield unavailable)
rNeg    . . .        (body armour unavailable)
rPois   .            (helmet unavailable)
rElec   .            (cloak unavailable)
rCorr   .            (gloves unavailable)
SInv    +            (boots unavailable)
Will    .....        (no amulet)
Stlth   ++           (no ring)
HPRegen 0.21/turn    (no ring)
MPRegen 0.08/turn

%: no teleportation
@: quick
A: very small, claws 1, fangs 3, see invisible, speed 1, shaggy fur 1, stealthy
paws, no weapons or thrown items, no armour, multi-lived
a: no special abilities


You were in the Dungeon.
You visited 1 branch

Inventory:

Scrolls
 g - a scroll of blinking
Potions
 a - a potion of ambrosia
 b - a potion of curing
 c - a potion of heal wounds
 d - a potion of haste
 e - 2 potions of magic
 f - a potion of berserk rage


   Skills:
 + Level 3.2 Fighting
 + Level 4.3 Dodging
 * Level 2.2 Stealth
 * Level 3.4 Unarmed Combat
 + Level 0.8 Invocations


You couldn't memorise any spells.
You didn't know any spells.
Your spell library was empty.

Dungeon Overview and Level Annotations

Branches:
Dungeon (1/1)

Altars:


Innate Abilities, Weirdness & Mutations

You have sharp claws.
You have razor-sharp teeth.
You have supernaturally acute eyesight. (SInv)
You cover ground quickly. (Speed+)
You are covered in fur. (AC +1)
Your paws help you pounce on unaware monsters.
You are incapable of wielding weapons or throwing items.
You cannot wear armour.
You gain extra lives every three experience levels.


Message History

You scratch the dart slug.
The dart slug is moderately wounded.
The dart slug launches a dart at you. The slug dart misses you.
Unknown command.
You scratch the dart slug. You claw the dart slug.
You kill the dart slug!
Your Stealth skill increases to level 2!
Unknown command.
The endoplasm jiggles.
The rat twitches its whiskers.
The kobold hits you with a +0 dagger.
You see here a dart slug corpse.
Unknown command.
You are too injured to fight recklessly!
Unknown command.
You are too injured to fight recklessly!
Unknown command.
You are too injured to fight recklessly!
Unknown command.
You are too injured to fight recklessly!
Unknown command.
You are too injured to fight recklessly!
Unknown command.
You are too injured to fight recklessly!
You barely miss the kobold. The kobold barely misses you.
You barely miss the kobold. The kobold barely misses you.
You scratch the kobold.
The kobold is severely wounded.
The kobold closely misses you.
You barely miss the kobold.
The kobold is severely wounded.
The kobold hits you with a +0 dagger.
* * * LOW HITPOINT WARNING * * *
You scratch the kobold.
You kill the kobold!
Unknown command.
Unknown command.
You closely miss the rat. The rat barely misses you.
You barely miss the rat. The rat bites you.
You die... ▓▓▓▓▓▓▓▓▓▓▓▓ ▓<...'†@rJ.+ ▓▓▓▓▓▓▓▓▓▓▓▓

You could see an endoplasm and a rat.

Vanquished Creatures
  A dart slug (D)
  A quokka (D)
  A kobold (D)
3 creatures vanquished.

Notes
Turn   | Place    | Note
-------+----------+-------------------------------------------
     0 | D        | Groucho the Felid Monk began the quest for the Orb.
     0 | D        | Reached XP level 1. HP: 10/10 MP: 2/2
     8 | D        | Reached skill level 1 in Stealth
    18 | D        | Slain by a rat

Illustrated notes

Levels and vault maps discovered:
D:        linesprint [early_d, line_temple, items_1, d_10, items_2, lair_1,
          lair_end, items_3, orc_1, orc_end, items_4, d_15, swamp_1, shoals_1,
          snake_1, spider_1, d_20, vaults_1, items_5, swamp_end, shoals_end,
          snake_end, spider_end, vaults_end, d_27, items_6, zot_1, zot_end,
          crypt_end, forest_end, elf_end, slime_end, tomb_end, abyss_end,
          pan_hell_end]

Skill      XL: |  1 |
---------------+----+-----
Stealth        | 2 |  2.2
Fighting       | |  3.2
Dodging        | |  4.3
Unarmed Combat | |  3.4
Invocations    | |  0.8

Action                     || total
---------------------------++-------
  Melee: Unarmed           ||    12
         Punch             ||     1
   Stab: Sleeping          ||     1
  Dodge: Dodged            ||     6
